 Dungeon Crawl Stone Soup version 0.28-a0-241-gfbb0926a3a (webtiles) character file.

Game seed: 14516934919012984066

18 Gunterle the Ducker (level 2, 0/25 HPs)
             Began as a Djinni Monk on Aug 24, 2021.
             Slain by a kobold (5 damage)
             ... on level 1 of the Dungeon.
             The game lasted 00:01:44 (673 turns).

Gunterle the Ducker (Djinni Monk)                    Turns: 673, Time: 00:01:44

Health: 0/25       AC:  2    Str: 10    XL:     2   Next: 90%
Gold:   36         EV: 13    Int: 11    God:
                   SH:  0    Dex: 15

rFire   + + .      SeeInvis .   a - +0 falchion
rCold   x . .      Faith    .   (no shield)
rNeg    . . .      Spirit   .   b - +0 robe
rPois   ∞          Reflect  .   (no helmet)
rElec   .          Harm     .   (no cloak)
rCorr   .          Rampage  .   (no gloves)
Will    .....                   (boots unavailable)
Stlth   ++........              (no amulet)
HPRegen 0.08/turn               (no ring)
MPRegen 0.00/turn               (no ring)

@: flying
A: sickness immunity, fire resistance 2, cold vulnerability 1, float, innate
caster, hp casting, extra vitality 1
a: no special abilities


You were on level 1 of the Dungeon.
You visited 1 branch of the dungeon, and saw 2 of its levels.

You collected 36 gold pieces.

Inventory:

Hand Weapons
 a - a +0 falchion (weapon)
Missiles
 c - 13 stones (quivered)
Armour
 b - a +0 robe (worn)
Potions
 d - 2 potions of curing {unknown}
 e - a potion of flight {unknown}
 f - a potion of might {unknown}


   Skills:
 * Level 3.3 Fighting
 * Level 3.1 Long Blades
 + Level 3.5 Dodging
 - Level 1.5 Stealth


You had one spell level left.
You didn't know any spells.
Your spell library was empty.

Dungeon Overview and Level Annotations

Branches:
Dungeon (2/15)

Altars:


Innate Abilities, Weirdness & Mutations

You are immune to sickness and miasma.
You are immune to poison.
Your flesh is very heat resistant. (rF++)
You are vulnerable to cold. (rC-)
You float through the air rather than walking.
You learn spells naturally, not from books.
Your magical power is your life essence.
You have superior vitality. (+4 HP)


Message History

The slug dart hits you.
You hit the kobold.
The kobold is severely wounded.
The kobold closely misses you.
The dart slug bites you but does no damage.
You hit the dart slug.
The dart slug is moderately wounded.
The kobold misses you.
You riposte.
You closely miss the kobold.
The kobold is severely wounded.
The dart slug bites you. The kobold barely misses you.
You riposte.
You barely miss the kobold.
The kobold is severely wounded.
You hit the dart slug but do no damage.
The dart slug is moderately wounded.
The dart slug barely misses you.
The kobold hits you with a +0 short sword.
You completely miss the dart slug.
The dart slug is moderately wounded.
The kobold misses you. The dart slug closely misses you.
You barely miss the dart slug.
The dart slug is moderately wounded.
The kobold hits you but does no damage.
Unknown command.
You completely miss the dart slug.
The dart slug is moderately wounded.
The kobold closely misses you. The dart slug closely misses you.
You riposte.
You hit the dart slug.
The dart slug is heavily wounded.
Unknown command.
You hit the dart slug.
The dart slug is almost dead.
The kobold hits you with a +0 short sword.
* * * LOW HITPOINT WARNING * * *
The dart slug misses you.
You riposte.
You hit the dart slug.
You kill the dart slug!
Unknown command.
You miss the kobold.
The kobold is severely wounded.
The kobold hits you with a +0 short sword.
You die...

#############...
.......>......#.#.
####.#######.....
#.## #..#.#
####..#### #.....
#........###....##
#..#.#.#.#.....K.#
#........#.#.#.#@#
...#.#.#.#.......#
.........#.#.#.#.##
...#.#.#..........#
##.......#.#.#.#..#
..................#
.########.#.#.##..#
.# #.#......## ##
#.#.######


You could see a kobold.

Vanquished Creatures
  2 dart slugs (D:1)
  An endoplasm (D:1)
  2 giant cockroaches (D:2)
  A goblin (D:2)
  A hobgoblin (D:1)
  A kobold (D:2)
  A quokka (D:1)
  A ball python (D:1)
  A bat (D:2)
  A frilled lizard (D:1)
  2 rats (D:2)
14 creatures vanquished.

Notes
Turn   | Place    | Note
-------+----------+-------------------------------------------
     0 | D:1      | Gunterle the Djinni Monk began the quest for the Orb.
     0 | D:1      | Reached XP level 1. HP: 20/20 MP: 0/0
   287 | D:1      | Reached XP level 2. HP: 24/25 MP: 0/0
   339 | D:1      | You are sucked into a shaft and drop 1 floor!
   673 | D:1      | Slain by a kobold

Illustrated notes

Levels and vault maps discovered:
D:1:      minmay_arrival_semitransparent, layout_basic,
          shapermc_ecumenical_altar_mp_highgroup, serial_glass, glass_columns_a,
          glass_columns_b, glass_columns_b, glass_columns_a, glass_columns_a,
          glass_columns_a, glass_columns_a, glass_columns_b, glass_columns_c,
          glass_columns_c, glass_columns_b, glass_columns_b, glass_columns_a,
          glass_columns_c, roderic_roman_lattice
D:2:      layout_rooms, cheibrodos_gnoll_hut

Skill      XL: |  1  2 |
---------------+-------+-----
Long Blades    | 3 |  3.1
Fighting       | |  3.3
Dodging        | |  3.5
Stealth        | |  1.5

Action                   || total
-------------------------++-------
Melee: Falchion          ||    63
 Stab: Sleeping          ||     4
Armor: Robe              ||    12
Dodge: Dodged            ||    48
       Rpst.: Falchion   ||    15

Table legend: (Time is in decaauts)
 A = Elapsed time spent in this place.
 B = Non-inter-level travel time spent in this place.
 C = Inter-level travel time spent in this place.
 D = Time resting spent in this place.
 E = Time spent auto-exploring this place.
 F = Levels seen in this place.
 G = Mean time per level.
                   A        B        C        D        E       F      G
               +--------+--------+--------+--------+--------+-----+--------+
         Total |    682 |    682 |      0 |    259 |    251 |   2 |  341.0 |
       Dungeon |    682 |    682 |      0 |    259 |    251 |   2 |  341.0 |
               +--------+--------+--------+--------+--------+-----+--------+

Top non-repeatable levels by time:
     D:1: 396 daAuts
     D:2: 285 daAuts
